 Dungeon Crawl Stone Soup version 0.29-a0-982-gaed3a0c8d8 (webtiles) character file.

Game seed: 448019205118002514

697 MisterAzrael the Conjurer (level 7, 0/36 HPs)
             Began as a Deep Elf Conjurer on Aug 1, 2022.
             Slain by a kobold brigand
             ... wielding a +0 whip
              (3 damage)
             ... in a sewer.
             The game lasted 00:09:20 (4824 turns).

MisterAzrael the Conjurer (Deep Elf Conjurer)       Turns: 4824, Time: 00:09:21

Health: 0/36       AC:  6    Str:  4    XL:     7   Next: 38%
Magic:  7/17       EV: 12    Int: 25    God:
Gold:   64         SH:  0    Dex: 13    Spells: 7/17 levels left

rFire   . . .      SeeInvis .   l - +4 dagger (venom)
rCold   + . .      Faith    .   (no shield)
rNeg    . . .      Spirit   .   j - +1 robe {rC+}
rPois   .          Reflect  .   f - +2 hat
rElec   .          Harm     .   (no cloak)
rCorr   +          Rampage  .   (no gloves)
Will    .....                   o - +0 pair of boots
Stlth   +.........              (no amulet)
HPRegen 0.12/turn               d - ring of resist corrosion
MPRegen 0.15/turn               (no ring)

@: lethally poisoned (0 -> -1), very slow
A: no striking features
a: no special abilities


You were in a sewer.
You visited 1 branch of the dungeon, and saw 4 of its levels.
You also visited: Sewer.

You collected 64 gold pieces.

Inventory:

Hand Weapons
 l - a +4 dagger of venom (weapon)
 m - the +5 sling of Buthriga {vorpal, Drain rElec rN+}
   (You took it off a kobold on level 2 of the Dungeon)

   Any ammunition fired from it inflicts extra damage upon your enemies.
   rElec:     It insulates you from electricity.
   rN:        It protects you from negative energy.
   Drain:     It drains your maximum health when unequipped.
Armour
 a - a +0 robe
 f - a +2 hat (worn)
 j - a +1 robe of cold resistance (worn)
 o - a +0 pair of boots (worn)
Jewellery
 d - a ring of resist corrosion (left hand)
Scrolls
 h - a scroll of identify
Potions
 b - a potion of brilliance {unknown}
 c - a potion of ambrosia
 e - a potion of cancellation {unknown}
 g - a potion of resistance {unknown}
 k - a potion of might {unknown}
 p - 2 potions of invisibility


   Skills:
 - Level 2.4 Dodging
 - Level 2.4 Stealth
 + Level 5.8 Spellcasting
 * Level 7.4 Conjurations
 * Level 5.8 Hexes


You had 7 spell levels left.
You knew the following spells:

 Your Spells              Type           Power      Damage    Failure   Level
a - Magic Dart            Conj           100%       1d8       1%          1
b - Searing Ray           Conj           88%        2d7       1%          2
c - Dazzling Flash        Conj/Hex       80%        N/A       1%          3
d - Fulminant Prism       Conj/Hex       20%        3d13      4%          4

Your spell library contained the following spells:

 Spells                   Type           Power      Damage    Failure   Level
 Shock                    Conj/Air       100%       1d9       1%          1
 Apportation              Tloc           14%        N/A       8%          1
 Beastly Appendage        Tmut           14%        N/A       8%          1
 Necrotise                Necr           28%        1d5       8%          1
 Summon Small Mammal      Summ           28%        N/A       8%          1
 Wereblood                Tmut           7%         N/A       12%         2
 Iskenderun's Mystic Bla  Conj/Tloc      26%        2d7       16%         4
 Spider Form              Tmut/Pois      7%         N/A       22%         3
 Swiftness                Air            7%         N/A       22%         3
 Airstrike                Air            3%         0-2+      58%         4


Dungeon Overview and Level Annotations

Branches:
Dungeon (4/15)              Sewer (1/1)
 Temple: D:4-7

Altars:
Fedhas


Message History

* * * LOW HITPOINT WARNING * * *
You feel better.
The kobold splashes around in the water.
The kobold completely misses you.
The kobold brigand hits you with a +0 whip.
The kobold misses you.
Okay, then.
Casting: Fulminant Prism (quite dangerous; 4% risk of failure)
Confirm with . or Enter, or press ? or * to list all spells.
Casting: Dazzling Flash (safe; 1% risk of failure)
Press: ? - help, Dir - look around, f - activate The kobold is dazzled.
The kobold brigand is dazzled. x2
The kobold is dazzled. x2
The kobold splashes around in the water.
The kobold barely misses you. The kobold brigand barely misses you.
The kobold hits you but does no damage.
The kobold brigand throws a poisoned dart.
The poisoned dart completely misses the kobold.
The poisoned dart hits you!
You are poisoned.
You feel very sick.
A nearby plant withers and dies.
The kobold splashes around in the water. x2
Casting: Dazzling Flash (safe; 1% risk of failure)
Confirm with . or Enter, or press ? or * to list all spells.
The spell is quite dangerous to miscast (4% risk of failure)!
Continue anyway?
Aiming: Fulminant Prism (quite dangerous; 4% risk of failure)
Press: ? - help, Dir - move target You conjure a prism of explosive energy!
A fulminant prism comes into view.
You feel sick. The kobold closely misses you.
The kobold brigand splashes around in the water.
You feel sick.
The kobold is no longer blind.
The kobold closely misses you.
The kobold brigand hits you with a +0 whip.
* * * LOW HITPOINT WARNING * * *
Your fulminant prism crackles loudly.
You feel sick.
The kobold is no longer blind.
The kobold splashes around in the water.
The kobold brigand hits you with a +0 whip.
You die...

#.∩..)≈≈....≈≈≈≈≈≈...≈≈≈
#[...#≈≈≈.≈≈≈≈≈≈≈P..P≈≈P
##############≈#######≈#
#≈≈≈≈≈≈≈≈≈≈≈≈≈≈≈≈≈≈≈≈
#≈≈≈≈≈≈≈≈≈≈≈≈≈≈≈≈≈≈≈≈
≈≈≈≈≈≈≈≈≈≈≈≈≈≈≈†≈≈≈≈
######≈##########≈≈≈≈###
#....#K≈≈≈...≈≈≈≈≈≈≈P≈≈≈
#!∩..'K@≈≈...≈≈≈P≈≈≈≈≈P≈
#..).'KKK≈.......≈≈≈P...
#!..)#..................
#### #*.....##..........
##########...#.....
#...#..... #####..### #


You could see 2 kobold brigands, 3 kobolds and a friendly fulminant prism.

Vanquished Creatures
  Eustachio (D:4)
  A black bear (D:4)
  A kobold brigand (Sewer)
  2 scorpions
  A hound (D:4)
  2 iguanas (D:4)
  Robin (D:2)
  4 adders
  3 gnolls
  3 worms
  2 dart slugs
  4 orcs (D:3)
  6 ball pythons
  12 bats
  5 endoplasms
  9 giant cockroaches
  17 goblins
  6 hobgoblins
  3 jackals (D:2)
  4 quokkas
  3 frilled lizards
  18 kobolds
  9 rats
117 creatures vanquished.

Vanquished Creatures (others)
  6 fulminant prisms
  10 plants (Sewer)
16 creatures vanquished.

Grand Total: 133 creatures vanquished

Notes
Turn   | Place    | Note
-------+----------+-------------------------------------------
     0 | D:1      | MisterAzrael the Deep Elf Conjurer began the quest for the
                  | Orb.
     0 | D:1      | Reached XP level 1. HP: 10/10 MP: 6/6
   383 | D:1      | Reached XP level 2. HP: 15/15 MP: 6/8
   406 | D:1      | Learned a level 2 spell: Searing Ray
   776 | D:1      | Reached skill level 5 in Conjurations
  1036 | D:1      | Reached XP level 3. HP: 19/19 MP: 5/10
  1211 | D:1      | Found a faded altar of an unknown god.
  1475 | D:2      | Learned a level 3 spell: Dazzling Flash
  1577 | D:2      | Reached skill level 1 in Hexes
  1577 | D:2      | Reached XP level 4. HP: 24/24 MP: 8/12
  1760 | D:2      | Identified the +5 sling of Buthriga {vorpal, Drain rElec
                  | rN+}
  1881 | D:2      | Noticed Robin
  1899 | D:2      | Killed Robin
  2555 | D:2      | Noticed a scorpion
  2564 | D:2      | Killed a scorpion
  2565 | D:2      | Reached skill level 6 in Conjurations
  2565 | D:2      | Reached XP level 5. HP: 28/28 MP: 5/13
  2730 | D:2      | Learned a level 4 spell: Fulminant Prism
  3388 | D:3      | Found a blossoming altar of Fedhas.
  3777 | D:4      | Noticed a black bear
  3791 | D:4      | Killed a black bear
  3792 | D:4      | Reached XP level 6. HP: 13/32 MP: 6/15
  3797 | D:4      | Reached skill level 5 in Spellcasting
  4106 | D:4      | Found a glowing drain.
  4110 | D:4      | Noticed Eustachio
  4138 | D:4      | Killed Eustachio
  4139 | D:4      | Reached skill level 7 in Conjurations
  4139 | D:4      | Reached skill level 5 in Hexes
  4139 | D:4      | Reached XP level 7. HP: 31/36 MP: 3/17
  4452 | Sewer    | Entered a sewer
  4824 | Sewer    | Slain by a kobold brigand

Illustrated notes

Levels and vault maps discovered:
D:1:      dpeg_arrival_another_circle, layout_basic,
          shapermc_ecumenical_altar_hornbeckon
D:2:      layout_basic, uniq_robin
D:3:      layout_basic, lemuel_round_altar, kennysheep_generic_room_7
D:4:      layout_rooms, okawaru_metal_pillars_3,
          chequers_temple_overflow_minitemple, gup_sewer_entry_glass,
          uniq_eustachio
Sewer:    kennysheep_pipe_town

Skill      XL: |  1  2  3  4  5  6 |
---------------+-------------------+-----
Conjurations   | 5 6 7 |  7.4
Spellcasting   | 4 5 |  5.8
Hexes          | 1 2 3 5 |  5.8
Dodging        | |  2.4
Stealth        | |  2.4

Action                   |  1- 3 |  4- 6 |  7- 9 || total
-------------------------+-------+-------+-------++-------
Melee: Unarmed           |       |     5 |       ||     5
       Dagger            |       |    14 |    11 ||    25
 Cast: Magic Dart        |    66 |    73 |    21 ||   160
       Searing Ray       |     1 |    10 |     2 ||    13
       Fulminant Prism   |       |     3 |     4 ||     7
       Dazzling Flash    |       |     2 |     6 ||     8
  Use: Potion            |       |     4 |     1 ||     5
       Scroll            |       |    11 |     1 ||    12
Armor: Skin              |       |    38 |     1 ||    39
       Robe              |       |    15 |    15 ||    30
Dodge: Dodged            |     3 |    45 |    32 ||    80

Table legend: (Time is in decaauts)
 A = Elapsed time spent in this place.
 B = Non-inter-level travel time spent in this place.
 C = Inter-level travel time spent in this place.
 D = Time resting spent in this place.
 E = Time spent auto-exploring this place.
 F = Levels seen in this place.
 G = Mean time per level.
                   A        B        C        D        E       F      G
               +--------+--------+--------+--------+--------+-----+--------+
         Total |   4845 |   4823 |     22 |   1278 |   2786 |   5 |  969.0 |
       Dungeon |   4456 |   4434 |     22 |   1134 |   2650 |   4 | 1114.0 |
         Sewer |    388 |    388 |      0 |    144 |    136 |   1 |  388.0 |
               +--------+--------+--------+--------+--------+-----+--------+

Top non-repeatable levels by time:
     D:1: 1439 daAuts
     D:2: 1349 daAuts
     D:3: 976 daAuts
     D:4: 691 daAuts
   Sewer: 388 daAuts
